 Dungeon Sprint DCSS version 0.29-a0-723-gce39da1c22 (webtiles) character file.

Game seed: 1950119144854551560

128 Hipnos the Arsonist (level 4, -6/36 HPs)
             Began as a Deep Elf Fire Elementalist on June 28, 2022.
             Mangled by a neqoxec (14 damage)
             ... in the Dungeon (Sprint II: "The Violet Keep of Menkaure").
             The game lasted 00:00:29 (11 turns).

Hipnos the Arsonist (Deep Elf Fire Elementalist)      Turns: 11, Time: 00:00:29

Health: -6/36      AC:  2    Str:  5    XL:     4   Next: 86%
Magic:  5/13       EV: 13    Int: 22    God:
Gold:   0          SH:  0    Dex: 15    Spells: 12/13 levels left

rFire   . . .      SeeInvis .   (no weapon)
rCold   . . .      Faith    .   (no shield)
rNeg    . . .      Spirit   .   a - +0 robe
rPois   .          Reflect  .   (no helmet)
rElec   .          Harm     .   (no cloak)
rCorr   .          Rampage  .   (no gloves)
Will    .....      NoTele   +   (no boots)
Stlth   ..........              (no amulet)
HPRegen 0.12/turn               (no ring)
MPRegen 0.13/turn               (no ring)

@: berserking, very quick
A: no striking features
a: no special abilities


You were in the Dungeon.
You visited 1 branch

Inventory:

Armour
 a - a +0 robe (worn)
Scrolls
 g - a scroll of blinking
Potions
 b - 3 potions of magic
 c - a potion of curing
 d - a potion of heal wounds
 e - a potion of haste


   Skills:
 + Level 4.1 Dodging
 + Level 3.8 Stealth
 + Level 0.3 Unarmed Combat
 + Level 5.4 Spellcasting
 + Level 1.4 Conjurations
 * Level 9.5 Fire Magic


You had 12 spell levels left.
You knew the following spells:

 Your Spells              Type           Power      Damage    Failure   Level
a - Foxfire               Conj/Fire      100%       2x1d9     1%          1

Your spell library contained the following spells:

 Spells                   Type           Power      Damage    Failure   Level
 Scorch                   Fire           94%        2d9       1%          2
 Conjure Flame            Conj/Fire      30%        6-21      3%          3
 Inner Flame              Hex/Fire       26%        N/A       4%          3
 Flame Wave               Conj/Fire      30%        2d8       10%         4


Dungeon Overview and Level Annotations

Branches:
Dungeon (1/1)

Altars:


Message History

The neqoxec is lightly wounded.
A red film seems to cover your vision as you go berserk!
You feel yourself moving faster!
You feel mighty!
The foxfire hits the neqoxec.
The neqoxec is lightly wounded.
The foxfire hits the neqoxec.
The neqoxec is moderately wounded.
The neqoxec gestures at you.
Something tries to feed on your intellect!
You closely miss the neqoxec.
The neqoxec is moderately wounded.
You punch the neqoxec!
The neqoxec is heavily wounded.
The neqoxec hits you!
Ouch! That really hurt!
* * * LOW HITPOINT WARNING * * *
The neqoxec gestures at you.
Something tries to feed on your intellect!
You punch the neqoxec!
The neqoxec is severely wounded.
The neqoxec barely misses you.
A neqoxec comes into view.
You punch the neqoxec!
You kill the neqoxec!
Your Dodging skill gained 2 levels and is now at level 4!
Your Stealth skill increases to level 3!
Your Spellcasting skill gained 2 levels and is now at level 5!
Your Fire Magic skill gained 6 levels and is now at level 9!
You have reached level 2!
You have reached level 3!
Your experience leads to an increase in your attributes!
Increase (S)trength, (I)ntelligence, or (D)exterity?
You feel clever. x2
You have reached level 4!
You feel clever.
You barely miss the neqoxec. You closely miss the neqoxec.
The neqoxec gestures at you.
Something tries to feed on your intellect!
The neqoxec hits you!
You die...

#+#
###3##
#3.@.+
#.##.##
#. #+#
#


You could see 2 neqoxecs.

Vanquished Creatures
  A neqoxec (D)
1 creature vanquished.

Vanquished Creatures (others)
  3 foxfires (D)
3 creatures vanquished.

Grand Total: 4 creatures vanquished

Notes
Turn   | Place    | Note
-------+----------+-------------------------------------------
     0 | D        | Hipnos the Deep Elf Fire Elementalist began the quest for
                  | the Orb.
     0 | D        | Reached XP level 1. HP: 10/10 MP: 6/6
     1 | D        | Noticed a neqoxec
     1 | D        | Noticed a neqoxec
     8 | D        | Noticed a neqoxec
     9 | D        | Killed a neqoxec
    10 | D        | Reached skill level 5 in Spellcasting
    10 | D        | Reached skill level 9 in Fire Magic
    10 | D        | Reached XP level 2. HP: 4/15 MP: 5/10
    10 | D        | Reached XP level 3. HP: 6/19 MP: 5/11
    10 | D        | Reached XP level 4. HP: 8/24 MP: 5/13
    11 | D        | Mangled by a neqoxec

Illustrated notes

Levels and vault maps discovered:
D:        the_violet_keep_of_menkaure [sprint2_stairs_cluster_1,
          sprint2_shoproom, sprint2_temple, sprint2_basic_supplies,
          sprint2_obstacle_2, sprint2_obstacle_3, sprint2_obstacle_5,
          sprint2_obstacle_4, sprint2_obstacle_7, sprint2_timed_cluster_1,
          sprint2_smallroom_cluster_1, sprint2_smallroom_final_cluster_1,
          sprint2_transparent_cluster_1, sprint2_second_timed_cluster_1,
          sprint2_sniper_area_1, sprint2_heavy_combat_area_1,
          sprint2_mutation_trap_area_1, sprint2_forest_area_1,
          sprint2_light_combat_area_1, sprint2_behind_water_1,
          sprint2_near_end_vault_1]

Skill      XL: |  1 |
---------------+----+-----
Dodging        | 4 |  4.1
Stealth        | 3 |  3.8
Spellcasting   | 5 |  5.4
Fire Magic     | 9 |  9.5
Unarmed Combat | |  0.3
Conjurations   | |  1.4

Action                   |  1- 3 |  4- 6 || total
-------------------------+-------+-------++-------
Melee: Unarmed           |     4 |     2 ||     6
 Cast: Foxfire           |     2 |       ||     2
  Use: Potion            |     1 |       ||     1
Dodge: Dodged            |     1 |       ||     1

Table legend: (Time is in decaauts)
 A = Elapsed time spent in this place.
 B = Non-inter-level travel time spent in this place.
 C = Inter-level travel time spent in this place.
 D = Time resting spent in this place.
 E = Time spent auto-exploring this place.
 F = Levels seen in this place.
 G = Mean time per level.
                   A        B        C        D        E       F      G
               +--------+--------+--------+--------+--------+-----+--------+
         Total |      9 |      9 |      0 |      0 |      0 |   1 |    9.0 |
       Dungeon |      9 |      9 |      0 |      0 |      0 |   1 |    9.0 |
               +--------+--------+--------+--------+--------+-----+--------+

Top non-repeatable levels by time:
       D: 9 daAuts
